SL
ROCKY MOUNTAIN NUGGETS @ WIZARDING EXPRESS
08/07/2030
 
TOP OF THE 1ST
Rocky Mountain Nuggets batting - Pitching for Wizarding Express : RHP Juan Contreras
Pitching: RHP Juan Contreras
Batting: RHB Wrangler Haresnape 0-0: Called Strike
0-1: Fly out, F4 (Popup, 4M)
Batting: RHB Iván Vega 0-0: Fly out, F9 (Flyball, 9D)
Batting: LHB Javier Sánchez 0-0: Called Strike
0-1: Ball
1-1: Ball
2-1: Ball
3-1: Base on Balls
Batting: RHB Paco Muñóz 0-0: Ball
1-0: Ball
2-0: Ball
3-0: Base on Balls
Javier Sánchez to second
Batting: LHB Roberto Sánchez 0-0: Called Strike
0-1: Swinging Strike
0-2: Strikes out looking
Top of the 1st over - 0 runs, 0 hits, 0 errors, 2 left on base; Rocky Mountain 0 - Wizarding 0
BOTTOM OF THE 1ST
Wizarding Express batting - Pitching for Rocky Mountain Nuggets : RHP Juan Guillén
Pitching: RHP Juan Guillén
Batting: LHB José Corona 0-0: Ball
1-0: Foul Ball, location: 2F
1-1: Swinging Strike
1-2: Ground out 6-3 (Groundball, 56)
Batting: SHB Salvador Trevino 0-0: Called Strike
0-1: Foul Ball, location: 2F
0-2: Ball
1-2: Strikes out looking
Batting: RHB António Martínez 0-0: Ball
1-0: Foul Ball, location: 2F
1-1: Swinging Strike
1-2: Ball
2-2: Fly out, F7 (Flyball, 7S)
Bottom of the 1st over - 0 runs, 0 hits, 0 errors, 0 left on base; Rocky Mountain 0 - Wizarding 0
TOP OF THE 2ND
Rocky Mountain Nuggets batting - Pitching for Wizarding Express : RHP Juan Contreras
Batting: RHB Ludwig Kluge 0-0: Swinging Strike
0-1: Foul Ball, location: 2F
0-2: Ball
1-2: Ball
2-2: Foul Ball, location: 2F
2-2: Ball
3-2: Base on Balls
Batting: RHB Wes Shannon 0-0: Ball
1-0: Ball
2-0: SINGLE (Line Drive, 6)
Ludwig Kluge to second
Batting: RHB Pedro Longoria 0-0: Ball
1-0: Swinging Strike
1-1: Swinging Strike
1-2: Strikes out looking
Batting: RHB Hieu De 0-0: Called Strike
Ludwig Kluge steals 3rd base
0-1: Ball
1-1: Foul Ball, location: 2F
1-2: Ball
2-2: Ball
3-2: Fly out, F4 (Line Drive, 4M)
Batting: RHB Wrangler Haresnape 0-0: Ball
1-0: Called Strike
1-1: Ball
2-1: Fielders Choice at 2nd, 6-4 (Groundball, 6)
Top of the 2nd over - 0 runs, 1 hit, 0 errors, 2 left on base; Rocky Mountain 0 - Wizarding 0
BOTTOM OF THE 2ND
Wizarding Express batting - Pitching for Rocky Mountain Nuggets : RHP Juan Guillén
Batting: LHB Nathan Tanner 0-0: Fly out, F7 (Flyball, 7D)
Batting: RHB Ernesto Souza 0-0: Swinging Strike
0-1: Swinging Strike
0-2: Foul Ball, location: 2F
0-2: Strikes out swinging
Batting: LHB António Boccanegra 0-0: Swinging Strike
0-1: Ball
1-1: Swinging Strike
1-2: Ball
2-2: Strikes out swinging
Bottom of the 2nd over - 0 runs, 0 hits, 0 errors, 0 left on base; Rocky Mountain 0 - Wizarding 0
TOP OF THE 3RD
Rocky Mountain Nuggets batting - Pitching for Wizarding Express : RHP Juan Contreras
Batting: RHB Iván Vega 0-0: Ball
1-0: Swinging Strike
1-1: SINGLE (Line Drive, 6MD)
Batting: LHB Javier Sánchez 0-0: Ball
1-0: Foul Ball, location: 2F
1-1: Ball
2-1: Fly out, F7 (Flyball, 7LM)
Batting: RHB Paco Muñóz 0-0: Ball
1-0: Swinging Strike
1-1: Ball
2-1: Ball
3-1: Foul Ball, location: 2F
3-2: Foul Ball, location: 2F
3-2: Strikes out swinging
Batting: LHB Roberto Sánchez 0-0: Called Strike
Iván Vega steals 2nd base
0-1: Ball
1-1: Called Strike
1-2: Ground out 4-3 (Groundball, 4)
Top of the 3rd over - 0 runs, 1 hit, 0 errors, 1 left on base; Rocky Mountain 0 - Wizarding 0
BOTTOM OF THE 3RD
Wizarding Express batting - Pitching for Rocky Mountain Nuggets : RHP Juan Guillén
Batting: RHB Ralph Cranford 0-0: Ground out 5-3 (Groundball, 56)
Batting: LHB David Breitling 0-0: Fly out, F8 (Line Drive, 78D)
Batting: RHB Frank Grimes 0-0: Ball
1-0: Called Strike
1-1: Ball
2-1: Foul Ball, location: 2F
2-2: Strikes out swinging
Bottom of the 3rd over - 0 runs, 0 hits, 0 errors, 0 left on base; Rocky Mountain 0 - Wizarding 0
TOP OF THE 4TH
Rocky Mountain Nuggets batting - Pitching for Wizarding Express : RHP Juan Contreras
Batting: RHB Ludwig Kluge 0-0: Ball
1-0: Ball
2-0: Foul Ball, location: 2F
2-1: Foul Ball, location: 2F
2-2: Ball
3-2: Foul Ball, location: 2F
3-2: Strikes out swinging
Batting: RHB Wes Shannon 0-0: Called Strike
0-1: Fly out, F3 (Popup, 3SF)
Batting: RHB Pedro Longoria 0-0: Ball
1-0: Foul Ball, location: 2F
1-1: Called Strike
1-2: Ground out 1-4-3 (Groundball, 15S)
Top of the 4th over - 0 runs, 0 hits, 0 errors, 0 left on base; Rocky Mountain 0 - Wizarding 0
BOTTOM OF THE 4TH
Wizarding Express batting - Pitching for Rocky Mountain Nuggets : RHP Juan Guillén
Batting: LHB José Corona 0-0: Ball
1-0: DOUBLE (Line Drive, 78D)
Batting: SHB Salvador Trevino 0-0: Ball
1-0: Ball
2-0: Ball
3-0: Called Strike
3-1: Foul Ball, location: 2F
3-2: Base on Balls
Batting: RHB António Martínez 0-0: Swinging Strike
0-1: Swinging Strike
0-2: Strikes out swinging
Batting: LHB Nathan Tanner 0-0: Called Strike
0-1: Fly out, F8 (Flyball, 8RS)
Batting: RHB Ernesto Souza 0-0: Swinging Strike
0-1: Called Strike
0-2: Strikes out swinging
Bottom of the 4th over - 0 runs, 1 hit, 0 errors, 2 left on base; Rocky Mountain 0 - Wizarding 0
TOP OF THE 5TH
Rocky Mountain Nuggets batting - Pitching for Wizarding Express : RHP Juan Contreras
Batting: RHB Hieu De 0-0: Ball
1-0: Ball
2-0: Ball
3-0: Called Strike
3-1: Swinging Strike
3-2: Foul Ball, location: 2F
3-2: Base on Balls
Batting: RHB Wrangler Haresnape 0-0: Sac Bunt - play at second, runner OUT! 5-6
Batting: RHB Iván Vega 0-0: Foul Ball, location: 2F
0-1: Ball
1-1: Ball
2-1: Called Strike
2-2: Ball
3-2: Fly out, F7 (Flyball, 7LSF)
Batting: LHB Javier Sánchez 0-0: Ball
1-0: Called Strike
1-1: Foul Ball, location: 2F
1-2: Ball
2-2: Foul Ball, location: 2F
2-2: Foul Ball, location: 2F
2-2: DOUBLE (Line Drive, 9LS)
Wrangler Haresnape to third
Runner from 3rd tries for Home, SAFE, no throw
Batting: RHB Paco Muñóz 0-0: Called Strike
0-1: Ball
1-1: Ball
2-1: Ball
3-1: Foul Ball, location: 2F
3-2: Fly out, F3 (Popup, 34)
Top of the 5th over - 1 run, 1 hit, 0 errors, 1 left on base; Rocky Mountain 1 - Wizarding 0
BOTTOM OF THE 5TH
Wizarding Express batting - Pitching for Rocky Mountain Nuggets : RHP Juan Guillén
Batting: LHB António Boccanegra 0-0: Ball
1-0: Foul Ball, location: 2F
1-1: Ball
2-1: Ball
3-1: Foul Ball, location: 2F
3-2: Fly out, F8 (Flyball, 8LS)
Batting: RHB Ralph Cranford 0-0: Ball
1-0: Called Strike
1-1: Swinging Strike
1-2: Ball
2-2: Ball
3-2: Strikes out swinging
Batting: LHB David Breitling 0-0: Ball
1-0: Ground out 6-3 (Groundball, 6M)
Bottom of the 5th over - 0 runs, 0 hits, 0 errors, 0 left on base; Rocky Mountain 1 - Wizarding 0
TOP OF THE 6TH
Rocky Mountain Nuggets batting - Pitching for Wizarding Express : RHP Juan Contreras
Batting: LHB Roberto Sánchez 0-0: Ball
1-0: Foul Ball, location: 2F
1-1: Ball
2-1: DOUBLE (Line Drive, 78D)
Batting: RHB Ludwig Kluge 0-0: Called Strike
0-1: Swinging Strike
0-2: Ball
1-2: 2-RUN HOME RUN (Flyball, 78XD), Distance : 390 ft
Batting: RHB Wes Shannon 0-0: Foul Ball, location: 2F
0-1: Swinging Strike
0-2: Foul Ball, location: 2F
0-2: Strikes out swinging
Batting: RHB Pedro Longoria 0-0: Ball
1-0: Ball
2-0: Called Strike
2-1: Called Strike
2-2: Ball
3-2: Base on Balls
Batting: RHB Hieu De 0-0: Ball
1-0: Ball
2-0: Swinging Strike
2-1: DOUBLE (Flyball, 89XD)
Pedro Longoria to third
Runner from 3rd tries for Home, SAFE, no throw
Pitching: RHP Enrico Reséndez
Batting: RHB Wrangler Haresnape 0-0: Ball
1-0: Ball
2-0: Ground out 4-3 (Groundball, 4)
Hieu De to third
Batting: RHB Iván Vega 0-0: Ball
1-0: Ball
2-0: Ball
3-0: Called Strike
3-1: Ground out 5-3 (Groundball, 5L)
Top of the 6th over - 3 runs, 3 hits, 0 errors, 1 left on base; Rocky Mountain 4 - Wizarding 0
BOTTOM OF THE 6TH
Wizarding Express batting - Pitching for Rocky Mountain Nuggets : RHP Juan Guillén
Batting: RHB Frank Grimes 0-0: Ground out 5-3 (Groundball, 56)
Batting: LHB José Corona 0-0: Called Strike
0-1: Swinging Strike
0-2: Ball
1-2: Strikes out swinging, 2-3 out at first.
Batting: SHB Salvador Trevino 0-0: Called Strike
0-1: Ground out U3 (Groundball, 34S)
Bottom of the 6th over - 0 runs, 0 hits, 0 errors, 0 left on base; Rocky Mountain 4 - Wizarding 0
TOP OF THE 7TH
Rocky Mountain Nuggets batting - Pitching for Wizarding Express : RHP Enrico Reséndez
Batting: LHB Javier Sánchez 0-0: Ball
1-0: Ball
2-0: Ball
3-0: Called Strike
3-1: Ground out 4-3 (Groundball, 4)
Batting: RHB Paco Muñóz 0-0: Fly out, F9 (Flyball, 89M)
Batting: LHB Roberto Sánchez 0-0: Called Strike
0-1: Swinging Strike
0-2: Ball
1-2: Ball
2-2: Foul Ball, location: 2F
2-2: Strikes out swinging
Top of the 7th over - 0 runs, 0 hits, 0 errors, 0 left on base; Rocky Mountain 4 - Wizarding 0
BOTTOM OF THE 7TH
Wizarding Express batting - Pitching for Rocky Mountain Nuggets : RHP Juan Guillén
Batting: RHB António Martínez 0-0: Called Strike
0-1: Called Strike
0-2: Ball
1-2: Fly out, F6 (Popup, 6M)
Batting: LHB Nathan Tanner 0-0: Called Strike
0-1: Called Strike
0-2: Foul Ball, location: 2F
0-2: Ball
1-2: Ground out 5-3 (Groundball, 56)
Batting: RHB Ernesto Souza 0-0: Fly out, F3 (Popup, 3)
Bottom of the 7th over - 0 runs, 0 hits, 0 errors, 0 left on base; Rocky Mountain 4 - Wizarding 0
TOP OF THE 8TH
Rocky Mountain Nuggets batting - Pitching for Wizarding Express : RHP Enrico Reséndez
Batting: RHB Ludwig Kluge 0-0: Foul Ball, location: 2F
0-1: Ball
1-1: Swinging Strike
1-2: Strikes out swinging
Batting: RHB Wes Shannon 0-0: Called Strike
0-1: Foul Ball, location: 2F
0-2: Ball
1-2: Ball
2-2: Ball
3-2: Base on Balls
Batting: RHB Pedro Longoria 0-0: Called Strike
0-1: Ball
1-1: DOUBLE (Line Drive, 7LM)
Wes Shannon to third
Batting: RHB Hieu De 0-0: Called Strike
0-1: Foul Ball, location: 2F
0-2: Strikes out swinging
Batting: RHB Wrangler Haresnape 0-0: Ball
1-0: Called Strike
1-1: Foul Ball, location: 2F
1-2: Ball
2-2: Fly out, F7 (Flyball, 7S)
Top of the 8th over - 0 runs, 1 hit, 0 errors, 2 left on base; Rocky Mountain 4 - Wizarding 0
BOTTOM OF THE 8TH
Wizarding Express batting - Pitching for Rocky Mountain Nuggets : RHP Juan Guillén
Batting: LHB António Boccanegra 0-0: Ball
1-0: Called Strike
1-1: Foul Ball, location: 2F
1-2: Ball
2-2: Foul Ball, location: 2F
2-2: Foul Ball, location: 2F
2-2: SINGLE (Groundball, 34D)
Batting: RHB Ralph Cranford 0-0: 2-RUN HOME RUN (Flyball, 78XD), Distance : 382 ft
Batting: LHB David Breitling 0-0: Ball
1-0: Ball
2-0: Foul Ball, location: 2F
2-1: Ground out 4-3 (Groundball, 4)
Batting: RHB Frank Grimes 0-0: Swinging Strike
0-1: Ball
1-1: Ball
2-1: Foul Ball, location: 2F
2-2: Foul Ball, location: 2F
2-2: Fly out, F8 (Flyball, 78M)
Batting: LHB José Corona 0-0: Ball
1-0: Fly out, F6 (Popup, 6)
Bottom of the 8th over - 2 runs, 2 hits, 0 errors, 0 left on base; Rocky Mountain 4 - Wizarding 2
TOP OF THE 9TH
Rocky Mountain Nuggets batting - Pitching for Wizarding Express : RHP Enrico Reséndez
Pitching: LHP Dorian Daly
Batting: RHB Iván Vega 0-0: Called Strike
0-1: Ball
1-1: Ball
2-1: Ball
3-1: Called Strike
3-2: Foul Ball, location: 2F
3-2: Strikes out swinging
Batting: LHB Javier Sánchez 0-0: Called Strike
0-1: Ground out 4-3 (Groundball, 4)
Batting: RHB Paco Muñóz 0-0: Ball
1-0: Called Strike
1-1: Swinging Strike
1-2: Foul Ball, location: 2F
1-2: Strikes out swinging
Top of the 9th over - 0 runs, 0 hits, 0 errors, 0 left on base; Rocky Mountain 4 - Wizarding 2
BOTTOM OF THE 9TH
Wizarding Express batting - Pitching for Rocky Mountain Nuggets : RHP Juan Guillén
Batting: SHB Salvador Trevino 0-0: Ball
1-0: Fly out, F8 (Flyball, 78M)
Batting: RHB António Martínez 0-0: Ball
1-0: Called Strike
1-1: Called Strike
1-2: Strikes out swinging, 2-3 out at first.
Batting: LHB Nathan Tanner 0-0: Swinging Strike
0-1: Swinging Strike
0-2: Ball
1-2: Strikes out swinging
Bottom of the 9th over - 0 runs, 0 hits, 0 errors, 0 left on base; Rocky Mountain 4 - Wizarding 2
Sunday, March 18th, 2018 - OOTP Baseball 18.8 Build 76